AoeStats
← madarahel

Arena

504860186Analyzed
3v3 RM · 24d ago on Sep 6, 2026· 58m 0s· 6 players
Game mode
Random Map
Map size
Normal (6 player)
Population
200
Speed
Normal
Resources
Standard
Victory
Conquest
Starting age
Dark Age
Ending age
Imperial Age
RankedLock teamsTeams togetherTeam positionsShared explorationLock speedFull tech treeHidden civsTurbo modeCheats
Victory
Defeat
🇳🇴 Slavs · Norway
1267
+13
🇺🇸 Japanese · United States
1229
+15
🇺🇸 Goths · United States
1001
+46
🇧🇷 Saracens · Brazil
1212
-18
🇧🇷 Persians · Brazil
1196
-17
🇹🇷 Italians · Türkiye
1193
-17
fgzsmrf
11:24 Feudal Age
15:02 Castle Age
13:28 Double-Bit Axe
13:25 Horse Collar
16:30 Fletching
19:01 Bow Saw
21:20 Heavy Plow
24:36 Stone Mining
24:37 Gold Mining
24:39 Loom
25:33 Wheelbarrow
30:43 Imperial Age
28:05 Pikeman
29:42 Scale Mail Armor
29:13 Pikeman
30:42 Ballistics
30:29 Bodkin Arrow
30:49 Squires
30:35 Arson
31:27 Chain Mail Armor
31:33 Forging
31:26 Halberdier
38:38 Bracer
41:05 Fortified Wall
43:57 Two-Man Saw
43:46 Siege Engineers
44:42 Chemistry
44:07 Conscription
45:11 Kataparuto
46:03 Plate Mail Armor
46:09 Iron Casting
54:24 Masonry
57:45 Murder Holes
Sneaky Sock Thief
0:30 Loom
12:10 Feudal Age
13:03 Double-Bit Axe
13:02 Horse Collar
15:34 Wheelbarrow
16:30 Gold Mining
20:29 Castle Age
19:55 Man-at-Arms
20:43 Pikeman
22:02 Scale Mail Armor
24:29 Hand Cart
24:45 Squires
27:41 Stone Mining
29:31 Long Swordsman
34:36 Imperial Age
34:12 Anarchy
34:28 Heavy Plow
34:41 Bow Saw
35:11 Stone Shaft Mining
36:00 Forging
36:50 Conscription
36:34 Perfusion
37:52 Chain Mail Armor
38:13 Iron Casting
40:12 Elite Huskarl
44:09 Blast Furnace
47:07 Halberdier
Dagis
10:53 Feudal Age
14:27 Castle Age
12:45 Double-Bit Axe
13:19 Horse Collar
15:41 Bow Saw
20:25 Sanctity
22:07 Loom
23:14 Gold Mining
25:17 Wheelbarrow
28:06 Imperial Age
25:50 Redemption
28:07 Atonement
28:29 Hand Cart
29:30 Coinage
28:37 Capped Ram
29:41 Block Printing
30:11 Siege Ram
31:37 Siege Engineers
33:28 Illumination
36:40 Pikeman
37:20 Squires
38:37 Halberdier
41:29 Druzhina
41:49 Conscription
41:32 Scale Mail Armor
41:42 Forging
45:28 Chain Mail Armor
45:49 Iron Casting
45:13 Heavy Scorpion
46:14 Ballistics
46:55 Chemistry
46:51 Plate Mail Armor
Miazaki2139
4:59 Loom
11:27 Feudal Age
15:42 Castle Age
13:51 Double-Bit Axe
14:14 Horse Collar
14:44 Stone Mining
19:13 Gold Mining
20:23 Bow Saw
20:30 Fletching
22:57 Gold Shaft Mining
24:14 Bodkin Arrow
24:48 Heavy Plow
32:58 Redemption
33:23 Forging
39:25 Imperial Age
37:11 Husbandry
39:33 Bloodlines
39:40 Scale Barding Armor
39:13 Light Cavalry
41:37 Conscription
42:08 Iron Casting
43:39 Chain Barding Armor
47:12 Blast Furnace
47:16 Wheelbarrow
47:12 Bracer
48:16 Ballistics
48:56 Chemistry
49:50 Murder Holes
49:41 Arrowslits
53:01 Chemistry
55:29 Plate Barding Armor
madarahel
11:16 Feudal Age
9:59 Loom
13:12 Loom
16:25 Castle Age
14:34 Double-Bit Axe
15:05 Horse Collar
28:33 Imperial Age
26:37 Padded Archer Armor
27:02 Ballistics
27:46 Wheelbarrow
27:11 Fletching
27:00 Elite Skirmisher
28:19 Leather Archer Armor
28:28 Masonry
28:48 Bodkin Arrow
30:30 Chemistry
30:56 Bracer
32:15 Ring Archer Armor
33:25 Conscription
39:24 Bombard Tower
39:04 Murder Holes
41:02 Architecture
40:20 Arrowslits
40:56 Forging
40:47 Scale Mail Armor
40:53 Scale Barding Armor
42:34 Hand Cart
42:30 Light Cavalry
43:19 Stone Mining
43:22 Gold Mining
43:43 Husbandry
43:56 Bloodlines
44:46 Chain Barding Armor
45:03 Iron Casting
46:07 Chain Mail Armor
46:51 Hussar
48:35 Capped Ram
50:32 Capped Ram
53:45 Pirotechnia
54:45 Caravan
55:35 Fortified Wall
56:23 Plate Mail Armor
56:30 Plate Barding Armor
56:56 Blast Furnace
NobregaPF
11:10 Feudal Age
9:25 Loom
15:35 Castle Age
13:48 Double-Bit Axe
14:21 Horse Collar
21:43 Bow Saw
22:24 Heavy Plow
25:20 Wheelbarrow
30:20 Imperial Age
28:27 Forging
28:24 Scale Barding Armor
29:49 Iron Casting
29:12 Gold Mining
29:16 Stone Mining
30:45 Gold Shaft Mining
31:27 Conscription
31:52 Stone Shaft Mining
31:56 Ballistics
31:57 Bloodlines
31:48 Husbandry
31:46 Elite War Elephant
33:22 Light Cavalry
35:08 Hand Cart
36:34 Hoardings
37:34 Blast Furnace
36:55 Chain Barding Armor
37:08 Hussar
40:57 Crop Rotation
41:29 Two-Man Saw
40:34 Scale Mail Armor
41:10 Plate Barding Armor
41:40 Heavy Camel Rider
42:50 Citadels
43:32 Parthian Tactics
43:21 Thumb Ring
42:49 Heavy Camel Rider
43:01 Heavy Cavalry Archer
43:43 Fletching
43:54 Padded Archer Armor
44:47 Bodkin Arrow
56:26 Chemistry
57:21 Leather Archer Armor
Connection lost

Rejoining the realm…

Still unreachable

The connection could not be restored.

Session expired

The server has moved on; the page needs a fresh start.